 Dungeon Crawl Stone Soup version 0.17-a0-2027-gcac42c4 (webtiles) character file.

32 Ijustatesigmund the Sneak (level 3, 0/23 HPs)
             Began as an Octopode Transmuter on Oct 10, 2015.
             Succumbed to poison (a potion of poison)
             ... on level 2 of the Dungeon.
             The game lasted 00:03:06 (749 turns).

Ijustatesigmund the Sneak (Octopode Transmuter)      Turns: 749, Time: 00:03:06

Health: 0/23       AC:  1    Str:  9    XL:     3   Next: 27%
Magic:  6/6        EV: 12    Int: 21    God:
Gold:   55         SH:  0    Dex: 12    Spells: 2 memorised, 3 levels left

rFire  . . .     SeeInvis .     m - +0 short sword
rCold  . . .     Clarity  .     (no shield)
rNeg   . . .     SustAt   .     (helmet restricted)
rPois  .         Gourm    .     (no amulet)
rElec  .         Spirit   .     (no ring)
rCorr  .         Warding  .     (no ring)
rMut   .         Stasis   .     (no ring)
MR     .....                    (no ring)
Stlth  +++.......               (no ring)
                                (no ring)
                                (no ring)
                                (no ring)

@: brilliant, lethally poisoned (0 -> -12), not resistant to hostile
enchantments, fairly stealthy
A: almost no armour, amphibious, 8 rings, constrict 8, camouflage 1, gelatinous
body 1
a: no special abilities


You were on level 2 of the Dungeon.
You were not hungry.

You visited 1 branch of the dungeon, and saw 2 of its levels.

You collected 55 gold pieces.

Inventory:

Hand Weapons
 m - a +0 short sword (weapon)
Missiles
 a - 12 arrows
Armour
 h - a +0 shield
Books
 b - a book of Changes

   Spells                             Type                      Level
   a - Beastly Appendage              Transmutation                1
   b - Sticks to Snakes               Transmutation                2
   c - Spider Form                    Transmutation/Poison         3
   d - Ice Form                       Ice/Transmutation            4
   e - Blade Hands                    Transmutation                5
Comestibles
 c - a bread ration
 f - a meat ration
 l - a slice of pizza


   Skills:
 - Level 1.0 Fighting
 + Level 0.2 Short Blades
 - Level 2.0 Dodging
 * Level 3.3 Stealth
 - Level 3.0 Unarmed Combat
 - Level 2.0 Spellcasting
 + Level 2.5 Transmutations


You had 3 spell levels left.
You knew the following spells:

 Your Spells              Type           Power        Failure   Level  Hunger
a - Beastly Appendage     Trmt           ####..       1%          1    #......
b - Sticks to Snakes      Trmt           ####......   1%          2    ##.....


Dungeon Overview and Level Annotations

Branches:
Dungeon (2/15)

Altars:


Innate Abilities, Weirdness & Mutations

You cannot wear most types of armour.
You are amphibious.
You can wear up to eight rings at the same time.
You can use your tentacles to constrict eight enemies at once.
Your skin changes colour to match your surroundings (Stealth).
Your rubbery body absorbs attacks (AC +1).


Message History

You feel sick.
* * * LOW HITPOINT WARNING * * *
You feel sick.
You feel less invigorated.
You feel less confused.
You feel sick.
* * * LOW HITPOINT WARNING * * *
You feel sick.
* * * LOW HITPOINT WARNING * * *
You feel sick.
* * * LOW HITPOINT WARNING * * *
You feel sick.
* * * LOW HITPOINT WARNING * * *
You feel sick.
* * * LOW HITPOINT WARNING * * *
You feel sick.
* * * LOW HITPOINT WARNING * * *
You feel sick.
A goblin comes into view. It is wielding a club.
You die...

.....#+#......### #.+
........#.......# ...#
........<..#!##.###...#
##.........#...........
##.#.............####
#..............##
#...............###
#...............†.#
≈##....)@...........#
.'..................#
.'....†(............#
≈##.####.......##+###
#. ................ #
.................
...................
......#.g...###.###
#.#####....... .#


You could see a goblin (wandering).

Vanquished Creatures
  An adder (D:2)
  A worm (D:2)
  A giant gecko (D:1)
  A giant cockroach (D:1)
  3 hobgoblins (D:1)
  4 kobolds
  3 bats
  A goblin (D:1)
  7 rats
22 creatures vanquished.

Notes
Turn   | Place    | Note
--------------------------------------------------------------
     0 | D:1      | Ijustatesigmund the Octopode Transmuter began the quest for the Orb.
     0 | D:1      | Reached XP level 1. HP: 13/13 MP: 3/3
    42 | D:1      | Reached skill level 1 in Stealth
    87 | D:1      | Reached XP level 2. HP: 15/18 MP: 5/5
    92 | D:1      | Learned a level 2 spell: Sticks to Snakes
   731 | D:2      | Reached XP level 3. HP: 12/23 MP: 6/6
   739 | D:2      | HP: 1/23 [poison (a potion of poison)]
   748 | D:2      | HP: 1/23 [poison (a potion of poison)]
   749 | D:2      | Succumbed to poison (a potion of poison)

Vault maps used:
D:1:      minmay_arrival_four_houses
D:2:      kennysheep_big_flooded_room, overflow_temple_1_default,
          ecumenical_altar_2, minmay_quantized

Action                   || total
-------------------------++-------
Melee: Unarmed           ||    39
       Short sword       ||     6
  Use: Scroll            ||     4
       Potion            ||     3
 Stab: Sleeping          ||     6
       Distracted        ||     1
